 Dungeon Crawl Stone Soup version 0.30-a0-779-g7971cf19c3 (webtiles) character file.

Game seed: 9231910861168872029

267 Ceno the Slasher (level 6, 0/20 (37) HPs)
             Began as a Tengu Reaver on Feb 18, 2023.
             Was an Initiate of Wu Jian.
             Slain by a gnoll sergeant
             ... wielding a +0 trident
              (10 damage)
             ... on level 4 of the Dungeon.
             The game lasted 00:12:25 (3425 turns).

Ceno the Slasher (Tengu Reaver)                     Turns: 3425, Time: 00:12:26

HP:   0/20 (37)     AC:  3    Str: 12    XL:     6   Next: 21%
MP:   8/10          EV: 14    Int: 13    God:    Wu Jian [......]
Gold: 113           SH:  0    Dex: 15    Spells: 6/9 levels left

rFire   . . .      SeeInvis .    a - +1 falchion
rCold   . . .      Faith    .    (no shield)
rNeg    . . .      Spirit   .    b - +0 leather armour
rPois   .          Reflect  .    (helmet restricted)
rElec   .          Harm     .    (no cloak)
rCorr   .          Rampage  .    (no gloves)
Will    .....                    (boots unavailable)
Stlth   +                        (no amulet)
HPRegen 0.23/turn                z - ring of wizardry
MPRegen 0.12/turn                (no ring)

@: flying quickly and evasively, very heavily drained, quick
A: beak, talons 3, nimble flight
a: Renounce Religion


You were on level 4 of the Dungeon.
You worshipped Wu Jian.
Wu Jian was noncommittal.
You visited 1 branch of the dungeon, and saw 4 of its levels.

You collected 113 gold pieces.

Inventory:

Hand Weapons
 a - a +1 falchion (weapon)
Missiles
 d - 6 stones (quivered)
 f - 6 javelins
 l - 18 poisoned darts
 t - 5 atropa-tipped darts
Armour
 b - a +0 leather armour (worn)
 h - a +0 buckler
Jewellery
 z - a ring of wizardry (left hand)
Wands
 y - a wand of roots (12)
Scrolls
 e - 4 scrolls of immolation
 k - 2 scrolls of blinking {unknown}
 m - a scroll of vulnerability {unknown}
 o - a scroll of enchant weapon
 p - a scroll of amnesia {unknown}
 u - a scroll of silence {unknown}
 w - a scroll of teleportation {unknown}
 x - a scroll of noise {unknown}
 A - 3 scrolls of poison {unknown}
Potions
 c - 4 potions of curing
 g - a potion of cancellation
 i - a potion of might {unknown}
 j - a potion of degeneration {unknown}
 n - 2 potions of mutation
 q - a potion of flight {unknown}
 r - a potion of magic {unknown}
 s - 2 potions of lignification
 v - a potion of invisibility {unknown}


   Skills:
 + Level 3.5 Fighting
 * Level 5.7 Long Blades
 - Level 2.1 Dodging
 - Level 2.0 Spellcasting
 + Level 5.6 Conjurations


You had 6 spell levels left.
You knew the following spells:

 Your Spells              Type           Power      Damage    Failure   Level
a - Kiss of Death         Conj/Necr      32%        2d7       4%          1
b - Momentum Strike       Conj/Tloc      16%        3d8       6%          2

Your spell library contained the following spells:

 Spells                   Type           Power      Damage    Failure   Level
 Hailstorm                Conj/Ice       8%         3d4       12%         3
 Cigotuvi's Dreadful Rot  Necr/Pois/Air  2%         N/A       19%         2
 Ensorcelled Hibernation  Hex/Ice        2%         N/A       19%         2
 Spider Form              Tmut/Pois      1%         N/A       34%         3
 Anguish                  Hex/Necr       0%         N/A       75%         4
 Dispel Undead            Necr           1%         3d6       75%         4
 Death Channel            Necr           0%         N/A       100%        6


Dungeon Overview and Level Annotations

Branches:
Dungeon (4/15)
 Temple: D:4-7

Altars:
Makhleb
Sif Muna
Wu Jian


Innate Abilities, Weirdness & Mutations

You have a beak for a mouth.
You have claws for feet.
Your magical nature lets you fly swiftly and evasively.


Message History

You fly downwards.
There is a stone staircase leading up, spattered with blood here.
An orc comes into view. It is wielding a +0 flail.
The orc shouts!
The orc unwields a +0 flail.
The orc wields a +0 sling.
The orc shoots a sling bullet.
The sling bullet hits you.
An orc comes into view. It is wielding a +0 short sword.
The orc shoots a sling bullet.
The sling bullet hits you.
You hear a shout!
The orc shoots a sling bullet.
The sling bullet hits you but does no damage.
The orc shoots a sling bullet.
The sling bullet hits you.
The orc shoots a sling bullet.
The sling bullet closely misses you.
The orc shoots a sling bullet.
The sling bullet hits you.
An orc comes into view. It is wielding a +0 dagger.
The orc moves out of view.
The gnoll sergeant hits you with a +0 trident!
The gnoll sergeant hits you with a +0 trident!
Casting: Kiss of Death (safe; 4% risk of failure)
Confirm with . or Enter, or press ? or * to list all spells.
Aiming: Kiss of Death (safe; 4% risk of failure)
Press: ? - help, Shift-Dir - straight line, f - gnoll sergeant
Aim: a gnoll sergeant, wielding a +0 trident, wearing a +0 ring mail and wearing a +0 buckler (100% to hit)
The negative energy hits the gnoll sergeant!
The gnoll sergeant is drained!
The gnoll sergeant is heavily wounded.
You feel drained.
The gnoll sergeant hits you with a +0 trident.
Casting: Kiss of Death (safe; 4% risk of failure)
Confirm with . or Enter, or press ? or * to list all spells.
Aiming: Kiss of Death (safe; 4% risk of failure)
Press: ? - help, Shift-Dir - straight line, f/p - gnoll sergeant
Aim: a gnoll sergeant, wielding a +0 trident, wearing a +0 ring mail and wearing a +0 buckler (heavily wounded, lightly drained, 100% to hit)
The negative energy hits the gnoll sergeant.
The gnoll sergeant is drained!
The gnoll sergeant is almost dead.
You feel drained.
The gnoll sergeant hits you with a +0 trident!
Ouch! That really hurt!
You die...

##.........#
##......
#..........##
#.....#
#...........##
#######
#....)<......#
##...........#
## ##..........#
#####.
#####.........#
#.....
##.......#######
#.....
#......@g#
##.....
##.......##
#......
#...####..##
#......
#....####..##
##..... #.....#
##..# #.....
#.....## ##.###
#..... #......#
##..## ##....
#......#
#o..#####....
#......#
##..##....#..


You could see a gnoll sergeant (very drained) and an orc.

Vanquished Creatures
  A necrophage (D:4)
  A scorpion (D:4)
  2 iguanas
  3 gnolls (D:3)
  2 adders
  2 worms
  An orc (D:3)
  4 endoplasms
  A giant cockroach (D:3)
  8 goblins
  5 hobgoblins
  A quokka (D:1)
  A ball python (D:2)
  7 bats
  2 frilled lizards
  8 kobolds
  A rat (D:1)
50 creatures vanquished.

Notes
Turn   | Place    | Note
-------+----------+-------------------------------------------
     0 | D:1      | Ceno the Tengu Reaver began the quest for the Orb.
     0 | D:1      | Reached XP level 1. HP: 12/12 MP: 4/4
    82 | D:1      | Found a faded altar of an unknown god.
   349 | D:1      | Reached XP level 2. HP: 17/17 MP: 6/6
   352 | D:1      | Learned a level 2 spell: Momentum Strike
  1296 | D:2      | Reached XP level 3. HP: 15/22 MP: 7/7
  2038 | D:3      | Reached XP level 4. HP: 24/27 MP: 8/8
  2432 | D:4      | Noticed a gnoll sergeant
  2472 | D:4      | Noticed a scorpion
  2484 | D:4      | Killed a scorpion
  2485 | D:4      | Reached skill level 5 in Long Blades
  2485 | D:4      | Reached skill level 5 in Conjurations
  2485 | D:4      | Gained mutation: Your magical nature lets you fly swiftly
                  | and evasively. [Tengu growth]
  2485 | D:4      | Reached XP level 5. HP: 27/32 MP: 7/9
  2623 | D:4      | Reached XP level 6. HP: 21/37 MP: 7/10
  2885 | D:4      | Found a burning altar of Makhleb.
  2885 | D:4      | Found a shimmering blue altar of Sif Muna.
  2952 | D:4      | Found an ornate altar of the Wu Jian Council.
  2958 | D:4      | Noticed a spectral centipede
  2958 | D:4      | Noticed a spectral black mamba
  2958 | D:4      | Noticed a spectral cane toad
  2959 | D:4      | Became a worshipper of the Wu Jian Council
  3274 | D:4      | HP: 1/37 [gnoll sergeant/+0 trident (9)]
  3425 | D:4      | Slain by a gnoll sergeant

Illustrated notes

Levels and vault maps discovered:
D:1:      minmay_arrival_four_loops, layout_basic,
          chequers_ecumenical_altar_simple_redux
D:2:      layout_basic
D:3:      layout_basic, amcnicky_mini_rare_corridor_liquid, bh_walls_and_bars
D:4:      layout_cave_pods, jmf_multi_god_temple,
          pdpol_wu_jian_five_deadly_venoms, grunt_qazlal_sundering,
          serial_shops, shop_fountains, hangedman_decor_push

Skill      XL: |  1  2  3  4 |
---------------+-------------+-----
Long Blades    | 4 5 |  5.7
Fighting       | 3 |  3.5
Conjurations   | 5 |  5.6
Dodging        | |  2.1
Spellcasting   | |  2.0

Action                     |  1- 3 |  4- 6 || total
---------------------------+-------+-------++-------
  Melee: Falchion          |    67 |    50 ||   117
         Peck              |     9 |     6 ||    15
         Kick              |    19 |    15 ||    34
  Throw: Stone             |     4 |     3 ||     7
         Dart              |       |     2 ||     2
   Cast: Momentum Strike   |     1 |     1 ||     2
         Kiss of Death     |       |     4 ||     4
Ability: Lunge             |       |     1 ||     1
    Use: Scroll            |     4 |     2 ||     6
 Armour: Leather armour    |    11 |     7 ||    18
  Dodge: Dodged            |    24 |    40 ||    64

Table legend: (Time is in decaauts)
 A = Elapsed time spent in this place.
 B = Non-inter-level travel time spent in this place.
 C = Inter-level travel time spent in this place.
 D = Time resting spent in this place.
 E = Time spent auto-exploring this place.
 F = Levels seen in this place.
 G = Mean time per level.
                   A        B        C        D        E       F      G
               +--------+--------+--------+--------+--------+-----+--------+
         Total |   3393 |   3318 |     75 |    477 |   1803 |   4 |  848.2 |
       Dungeon |   3393 |   3318 |     75 |    477 |   1803 |   4 |  848.2 |
               +--------+--------+--------+--------+--------+-----+--------+

Top non-repeatable levels by time:
     D:3: 1145 daAuts
     D:1: 1117 daAuts
     D:2: 660 daAuts
     D:4: 470 daAuts
